 Dungeon Crawl Stone Soup version 0.18-a0-1639-g7533f42 (webtiles) character file.

121 namelastname112 the Slasher (level 4, 0/40 HPs)
             Began as a Draconian Chaos Knight on Mar 27, 2016.
             Slain by namelastname112's ghost (12 damage)
             ... on level 3 of the Dungeon.
             The game lasted 00:03:00 (2042 turns).

namelastname112 the Slasher (DrCK)                  Turns: 2042, Time: 00:03:00

Health: 0/40       AC:  5    Str: 15    XL:     4   Next: 77%
Magic:  4/4        EV: 13    Int: 12    God:    Xom [....*.]
Gold:   77         SH:  0    Dex: 11    Spells: 0 memorised, 3 levels left

rFire  . . .     SeeInvis .     a - +0 falchion (chaos)
rCold  . . .     Gourm    .     (armour unavailable)
rNeg   . . .     Faith    .     (no shield)
rPois  .         Spirit   .     (helmet restricted)
rElec  .         Dismiss  .     (no cloak)
rCorr  .         Reflect  .     (no gloves)
SustAt .         Harm     .     (no boots)
MR     .....                    (no amulet)
Stlth  +.........               (no ring)
                                (no ring)

@: not resistant to hostile enchantments, very unstealthy
A: unfitting armour, cold-blooded, AC +5
a: Renounce Religion


You were on level 3 of the Dungeon.
You worshipped Xom.
You were a beloved toy of Xom.
You were near starving.

You visited 1 branch of the dungeon, and saw 3 of its levels.

You collected 77 gold pieces.

Inventory:

Hand Weapons
 a - a +0 falchion of chaos (weapon)
Wands
 p - a wand of acid (11/15)
Scrolls
 c - 7 scrolls of identify {unknown}
 d - 3 scrolls of enchant armour {unknown}
 e - a scroll of recharging {unknown}
 f - 2 scrolls of remove curse {unknown}
 k - a scroll of amnesia {unknown}
 l - a scroll of enchant weapon {unknown}
 m - a scroll of blinking {unknown}
Potions
 h - 2 potions of curing {unknown}
 i - a potion of haste {unknown}
 j - 3 potions of heal wounds {unknown}
 n - a potion of lignification {unknown}
Comestibles
 b - 3 bread rations
 g - 2 fruits
 o - a meat ration


   Skills:
 + Level 4.0 Fighting
 * Level 4.4 Long Blades
 + Level 3.1 Dodging


You had 3 spell levels left.
You didn't know any spells.

Dungeon Overview and Level Annotations

Branches:
Dungeon (3/15)

Altars:
Sif Muna
Yredelemnul

Annotations:
D:3 namelastname112's ghost, amateur DrMo


Innate Abilities, Weirdness & Mutations

Your plain brown scales are hard (AC +5).
Your body does not fit into most forms of armour.
You are cold-blooded and may be slowed by cold attacks.


Message History

You hit namelastname112's ghost.
You hear strange voices.
Namelastname112's ghost is lightly damaged.
Namelastname112's ghost hits you.
You hit namelastname112's ghost.
Space bends around namelastname112's ghost.
You tail-slap namelastname112's ghost, but do no damage.
Namelastname112's ghost is lightly damaged.
Namelastname112's ghost hits you.
You hit namelastname112's ghost but do no damage.
Namelastname112's ghost is lightly damaged.
Namelastname112's ghost hits you!
* * * LOW HITPOINT WARNING * * *
You are too injured to fight recklessly!
You see here a silver wand.
p - a wand of acid Namelastname112's ghost closely misses you.
Namelastname112's ghost hits you!
You die...
Xom howls with laughter!

###......##.......#...'....
..........######.#.#.#...#
.#.####...# *,#.#..##..
#........# *,#.##.##.#
#.###....# ,#.##.##.# #
#....# *.#.##.##.#
#####....# *.#.......#
........#######.#####.###
........@................
..........W............###
......................, *
......................*, #
......................*..,
..........†)......... ...
..................../*...
.................... ...
....................,.#.


You could see namelastname112's ghost.

Vanquished Creatures
  Ijyb (D:2)
  3 adders (D:2)
  2 worms
  4 dart slugs
  3 giant geckos
  A ball python (D:3)
  4 giant cockroaches
  5 hobgoblins
  2 jackals (D:1)
  3 quokkas (D:2)
  3 bats
  2 giant newts
  7 goblins
  7 kobolds
  7 rats
54 creatures vanquished.

Notes
Turn   | Place    | Note
--------------------------------------------------------------
     0 | D:1      | namelastname112 the Draconian Chaos Knight began the quest for the Orb.
     0 | D:1      | Reached XP level 1. HP: 19/19 MP: 1/1
   166 | D:1      | XOM: cast spell 'Summon Butterflies'
   168 | D:1      | XOM: smoke on damage
   169 | D:1      | Reached XP level 2. HP: 16/26 MP: 2/2
   483 | D:1      | XOM: mild Fire miscast
   660 | D:1      | XOM: colour smoke trail
   776 | D:2      | Reached XP level 3. HP: 31/31 MP: 3/3
   942 | D:2      | Noticed Ijyb
   964 | D:2      | Killed Ijyb
   975 | D:2      | Found a deep blue altar of Sif Muna.
   977 | D:2      | Reached XP level 4. HP: 38/40 MP: 4/4
  1089 | D:2      | XOM: colour smoke trail
  1103 | D:2      | Found a basalt altar of Yredelemnul.
  1349 | D:2      | XOM: harmless Conj miscast
  1576 | D:3      | Noticed namelastname112's ghost (amateur DrMo)
  1578 | D:3      | XOM: medium Trmt miscast
  1580 | D:3      | XOM: mild Trmt miscast
  1580 | D:3      | HP: 2/40 [namelastname112's ghost (3)]
  1582 | D:3      | namelastname112: spasibo xom
  1587 | D:3      | XOM: cast spell 'Excruciating Wounds'
  1589 | D:3      | XOM: summons 3 friendly demons
  1592 | D:3      | XOM: divination: magic mapping
  1602 | D:3      | XOM: enchant monster (good)
  1833 | D:3      | XOM: colour smoke trail
  1840 | D:3      | XOM: mild Hex miscast
  1844 | D:3      | XOM: cast spell 'Spider Form'
  2042 | D:3      | Slain by namelastname112's ghost

Vault maps used:
D:1:      sevenhm_arrival_forest_fort_small_4
D:2:      yredelemnul_altar_generic, nicolae_overflow_crystal_walls,
          first_bread, minmay_misc_feat_doors, feat_on_display, uniq_iyjb
D:3:      elyvilon_altar_4

Skill      XL: |  1  2  3  4 |
---------------+-------------+-----
Long Blades    | 4 |  4.4
Dodging        | 3 |  3.1
Fighting       | 4 |  4.0

Action                   |  1- 3 |  4- 6 || total
-------------------------+-------+-------++-------
Melee: Falchion          |    98 |    94 ||   192
       Unarmed           |       |     1 ||     1
 Stab: Petrifying        |     1 |       ||     1
       Confused          |       |     1 ||     1
       Sleeping          |       |     1 ||     1
  Eat: Chunk             |       |     2 ||     2
